 Dungeon Crawl Stone Soup version 0.30-a0-50-gb2d611f6b1 (webtiles) character file.

Game seed: 8275824334586248415

55 LnG the Trooper (level 3, -9/32 (33) HPs)
             Began as a Hill Orc Fighter on Sept 5, 2022.
             Mangled by Crazy Yiuf
             ... wielding a +4 quarterstaff of chaos
              (14 damage)
             ... on level 2 of the Dungeon.
             The game lasted 00:02:34 (1532 turns).

LnG the Trooper (Hill Orc Fighter)                  Turns: 1532, Time: 00:02:35

HP:   -9/32 (33)    AC:  8    Str: 20    XL:     3   Next: 93%
MP:   3/3           EV:  9    Int:  8    God:
Gold: 29            SH:  4    Dex: 10    Spells: 2/2 levels left

rFire   . . .      SeeInvis .    a - +0 war axe
rCold   . . .      Faith    .    c - +0 buckler
rNeg    . . .      Spirit   .    b - +0 scale mail
rPois   .          Reflect  .    (no helmet)
rElec   .          Harm     .    (no cloak)
rCorr   .          Rampage  .    j - +0 pair of gloves
Will    .....                    (no boots)
Stlth   ..........               (no amulet)
HPRegen 0.10/turn                (no ring)
MPRegen 0.08/turn                (no ring)

@: lightly drained
A: no striking features
a: no special abilities


You were on level 2 of the Dungeon.
You visited 1 branch of the dungeon, and saw 2 of its levels.

You collected 29 gold pieces.

Inventory:

Hand Weapons
 a - a +0 war axe (weapon)
Armour
 b - a +0 scale mail (worn)
 c - a +0 buckler (worn)
 j - a +0 pair of gloves (worn)
Scrolls
 f - a scroll of identify {unknown}
 i - a scroll of immolation {unknown}
Potions
 d - 2 potions of might
 e - a potion of berserk rage {unknown}
 g - 2 potions of brilliance {unknown}
 h - a potion of flight {unknown}


   Skills:
 + Level 4.0 Fighting
 + Level 4.0 Axes
 + Level 3.7 Armour
 + Level 0.3 Dodging
 + Level 3.6 Shields


You had 2 spell levels left.
You didn't know any spells.
Your spell library was empty.

Dungeon Overview and Level Annotations

Branches:
Dungeon (2/15)

Altars:

Annotations:
D:2 Crazy Yiuf


Message History

You finish putting on your +0 pair of gloves.
Found 5 stones and a leather armour.
A rat comes into view.
A rat is nearby!
You block the rat's attack.
You hit the rat.
The rat is severely wounded.
The rat barely misses you.
You hit the rat but do no damage.
The rat is severely wounded.
The rat bites you but does no damage. The rat completely misses you.
You barely miss the rat.
The rat is severely wounded.
The rat closely misses you.
You barely miss the rat.
The rat is severely wounded.
The rat bites you but does no damage.
You slash the rat!
You kill the rat!
No target in view!
No target in view!
d - 2 potions of might (gained 1)
You see here a rat corpse.
Found a hammer.
Found a runed translucent door.
Crazy Yiuf shouts!
You open the door.
Crazy Yiuf says, "Tonal horse pizzabubble!"
You completely miss Crazy Yiuf. Crazy Yiuf hits you but does no damage.
You hit Crazy Yiuf but do no damage. You block Crazy Yiuf's attack.
You barely miss Crazy Yiuf.
Crazy Yiuf hits you with a +4 quarterstaff of chaos!
You feel drained.
Crazy Yiuf hits you with a +4 quarterstaff of chaos!
* * * LOW HITPOINT WARNING * * *
Crazy Yiuf burns you.
* * * LOW HITPOINT WARNING * * *
You hit Crazy Yiuf.
Crazy Yiuf is lightly wounded.
Crazy Yiuf hits you with a +4 quarterstaff of chaos!
You die...

######...#..†.......#
# #..............# #
####...#..........#
###.....#############
.#...#..# ....##(.#
....##..#### ###
...........## ###..)#
..####......####@g...#
.## ##......#..##...#
.# ##....#.### ### .#
######## ## # ##
.##### .....#####


You could see Crazy Yiuf.

Vanquished Creatures
  An adder (D:2)
  A worm (D:2)
  A ball python (D:1)
  5 bats
  5 endoplasms
  3 giant cockroaches (D:1)
  2 hobgoblins
  5 kobolds
  2 quokkas
  2 frilled lizards (D:2)
  7 goblins
  8 rats
42 creatures vanquished.

Notes
Turn   | Place    | Note
-------+----------+-------------------------------------------
     0 | D:1      | LnG the Hill Orc Fighter began the quest for the Orb.
     0 | D:1      | Reached XP level 1. HP: 19/19 MP: 1/1
   154 | D:1      | Reached XP level 2. HP: 18/27 MP: 2/2
   784 | D:1      | Reached XP level 3. HP: 31/33 MP: 3/3
  1524 | D:2      | Found a runed translucent door.
  1525 | D:2      | Noticed Crazy Yiuf
  1532 | D:2      | Mangled by Crazy Yiuf

Illustrated notes

Levels and vault maps discovered:
D:1:      mushboom_english_gardens, layout_basic
D:2:      layout_rooms, uniq_crazy_yiuf_cottage

Skill      XL: |  1  2  3 |
---------------+----------+-----
Axes           | 3 4 |  4.0
Fighting       | 4 |  4.0
Armour         | |  3.7
Dodging        | |  0.3
Shields        | |  3.6

Action                   || total
-------------------------++-------
Melee: War axe           ||   124
Armor: Scale mail        ||    60
Dodge: Dodged            ||    53
Block: Buckler           ||    34

Table legend: (Time is in decaauts)
 A = Elapsed time spent in this place.
 B = Non-inter-level travel time spent in this place.
 C = Inter-level travel time spent in this place.
 D = Time resting spent in this place.
 E = Time spent auto-exploring this place.
 F = Levels seen in this place.
 G = Mean time per level.
                   A        B        C        D        E       F      G
               +--------+--------+--------+--------+--------+-----+--------+
         Total |   1578 |   1550 |     28 |    370 |    879 |   2 |  789.0 |
       Dungeon |   1578 |   1550 |     28 |    370 |    879 |   2 |  789.0 |
               +--------+--------+--------+--------+--------+-----+--------+

Top non-repeatable levels by time:
     D:1: 1008 daAuts
     D:2: 569 daAuts
